[Event "fics rated crazyhouse match"]
[Site "fics, Oklahoma City, OK USA"]
[Date "2000.01.02"]
[White "jtp"]
[WhiteElo "2234"]
[Black "Gobi"]
[BlackElo "2381"]
[TimeControl "180+0"]
[Result "1-0"]

1. e4 Nf6 2. Nc3 Nc6 3. Nf3 e5 4. d4 exd4 5. Nxd4 Nxd4 6. Qxd4 
N@c6 7. Qd1 P@d4 8. Nd5 Nxd5 9. exd5 Nb4 10. Bc4 N@b6 11. Qe2+ Qe7 
12. O-O Qxe2 13. Bxe2 N6xd5 14. P@e4 Nf6 15. Q@e5+ Q@e6 16. Qxc7 d5 17. N@b5 
Na6 18. N@d6+ Bxd6 19. Nxd6+ Kf8 20. Bxa6 dxe4 21. Nxc8 Rxc8 22. P@e7+ Ke8 
23. N@d6+ Qxd6 24. Qxd6 N@e6 25. B@a4+ P@c6 26. Bxb7 N@h3+ 27. Kh1 P@c7 
{Gobi forfeits on time} 1-0

[Event "fics rated crazyhouse match"]
[Site "fics, Oklahoma City, OK USA"]
[Date "2000.01.02"]
[White "Gobi"]
[WhiteElo "2370"]
[Black "jtp"]
[BlackElo "2245"]
[TimeControl "180+0"]
[Result "0-1"]

1. e4 Nf6 2. Nc3 d5 3. e5 d4 4. exf6 dxc3 5. fxg7 cxd2+ 6. Qxd2 
Qxd2+ 7. Bxd2 Bxg7 8. N@b5 Na6 9. Rb1 Q@e4+ 10. Q@e3 Qxc2 11. Bd3 N@b4 
12. Bxb4 Nxb4 13. Bxc2 Nxc2+ 14. Ke2 B@c4+ 15. P@d3 Nxe3 16. Nxc7+ Kd8 17. Q@d2 
B@h5+ 18. P@f3 Q@d7 19. Nxa8 Qxd3+ 20. Qxd3+ Bxd3+ 21. Kxe3 Q@d4+ 22. Kd2 Bxb1# 
{Gobi resigns} 0-1

[Event "fics rated crazyhouse match"]
[Site "fics, Oklahoma City, OK USA"]
[Date "2000.01.02"]
[White "jtp"]
[WhiteElo "2256"]
[Black "Gobi"]
[BlackElo "2359"]
[TimeControl "180+0"]
[Result "1-0"]

1. e4 Nc6 2. Nf3 e5 3. Bc4 Bc5 4. c3 Nf6 5. d4 exd4 6. cxd4 
Bxd4 7. O-O P@e5 8. Nc3 Bxc3 9. bxc3 N@d6 10. Bd5 Ne7 11. Nxe5 Nexd5 
12. exd5 O-O 13. P@h6 Re8 14. B@d4 gxh6 15. Bxh6 P@g7 16. Bxg7 Kxg7 17. P@g5 
B@h4 18. gxf6+ Bxf6 19. N@h5+ Kh8 20. Nxf6 P@g7 21. Nxe8 Qxe8 22. P@h6 B@f6 
23. Re1 P@e6 24. N@h5 Nf5 25. hxg7+ Bxg7 26. Nxg7 Nxg7 27. B@f6 N@f5 28. P@h6 
Nxh6 29. Bxg7+ Kxg7 30. N@h5+ Kf8 31. P@g7+ Ke7 32. Bc5+ d6 33. B@f6# 
{Gobi checkmated} 1-0

[Event "fics rated crazyhouse match"]
[Site "fics, Oklahoma City, OK USA"]
[Date "2000.01.02"]
[White "Gobi"]
[WhiteElo "2349"]
[Black "jtp"]
[BlackElo "2266"]
[TimeControl "180+0"]
[Result "1-0"]

1. e4 Nf6 2. e5 Ne4 3. d4 d5 4. exd6 cxd6 5. Bd3 d5 6. Be3 
e6 7. Nf3 Bb4+ 8. c3 P@a3 9. Nxa3 Bxa3 10. Qa4+ Nc6 11. Qxa3 N@g4 
12. Bxe4 Nxe3 13. fxe3 B@e7 14. B@c5 Bxc5 15. dxc5 dxe4 16. N@d6+ Kf8 17. Nxe4 
B@d5 18. B@d6+ B@e7 19. P@h6 gxh6 20. P@f6 P@g7 21. Bxe7+ Nxe7 22. fxe7+ Kxe7 
23. c6+ P@d6 24. Nxd6 Bxf3 25. Nxc8+ Kf6 26. B@e7+ Kg6 27. N@f4+ Kf5 28. N@g3+ 
Kg4 29. P@h3# 
{jtp checkmated} 1-0

[Event "fics rated crazyhouse match"]
[Site "fics, Oklahoma City, OK USA"]
[Date "2000.01.02"]
[White "jtp"]
[WhiteElo "2260"]
[Black "Gobi"]
[BlackElo "2355"]
[TimeControl "180+0"]
[Result "1-0"]

1. e4 Nc6 2. Nf3 Nf6 3. e5 Ng4 4. d4 d6 5. exd6 exd6 6. Bd3 
d5 7. Qe2+ Qe7 8. Nc3 Nb4 9. Bg5 P@f6 10. Bf4 Nxd3+ 11. cxd3 Qxe2+ 
12. Kxe2 B@d6 13. P@e5 fxe5 14. dxe5 Nxe5 15. Bxe5 Bxe5 16. Nxe5 Q@h5+ 17. N@f3 
P@g4 18. Q@e3 gxf3+ 19. Nxf3+ P@e6 20. N@f4 Qg4 21. Ncxd5 B@d6 22. B@h3 N@f5 
23. Bxg4 Nxe3 24. fxe3 exd5 25. P@d7+ Bxd7 26. Bxd7+ Kxd7 27. Q@h3+ P@e6 28. P@f5 
Bxf4 29. exf4 f6 30. fxe6+ Kd8 31. N@f7+ Ke7 32. Nxh8 Q@c2+ 33. R@d2 Qxd3# 
{Gobi forfeits on time} 1-0

[Event "fics rated crazyhouse match"]
[Site "fics, Oklahoma City, OK USA"]
[Date "2000.01.02"]
[White "ACC"]
[WhiteElo "2192"]
[Black "jtp"]
[BlackElo "2270"]
[TimeControl "120+0"]
[Result "0-1"]

1. Nf3 e6 2. d4 Nf6 3. Nc3 Nc6 4. Bg5 h6 5. Bxf6 Qxf6 6. e4 
Bb4 7. Bb5 B@a5 8. N@e2 Qg6 9. Bxc6 bxc6 10. N@g3 Bxc3+ 11. Nxc3 Bxc3+ 
12. bxc3 B@b2 13. B@h5 Qf6 14. Bxf7+ Qxf7 15. Ne5 Bxc3+ 16. P@d2 Qxf2+ 17. Kxf2 
Bxd4+ 18. B@e3 Bxe5 19. d4 O-O+ 20. Ke2 B@g4+ 21. Q@f3 Bxf3+ 22. gxf3 N@c3+ 
23. Kf2 N@g4+ 24. Ke1 N@g2+ 25. Kd2 Nxd1 26. Raxd1 N4xe3 27. N@e7+ Kf7 28. dxe5 
Q@f2+ 29. B@e2 B@b4+ 30. Kc1 Q@a1+ 31. B@b1 P@b2# 
{ACC checkmated} 0-1

[Event "fics rated crazyhouse match"]
[Site "fics, Oklahoma City, OK USA"]
[Date "2000.01.02"]
[White "jtp"]
[WhiteElo "2276"]
[Black "ACC"]
[BlackElo "2186"]
[TimeControl "120+0"]
[Result "1-0"]

1. e4 e6 2. d4 d5 3. exd5 exd5 4. Nc3 Nc6 5. Bb5 P@e4 6. Qe2 
Nf6 7. P@e5 Bg4 8. f3 exf3 9. gxf3 Bxf3 10. Nxf3 Ne4 11. Nxe4 dxe4 
12. Qxe4 P@d5 13. Qe2 a6 14. Bxc6+ bxc6 15. e6 P@e4 16. B@d7+ Ke7 17. Bg5+ 
f6 18. N@f5# 
{ACC checkmated} 1-0

[Event "fics rated crazyhouse match"]
[Site "fics, Oklahoma City, OK USA"]
[Date "2000.01.02"]
[White "ACC"]
[WhiteElo "2180"]
[Black "jtp"]
[BlackElo "2282"]
[TimeControl "120+0"]
[Result "0-1"]

1. Nf3 Nf6 2. d4 e6 3. Bg5 Nc6 4. Nc3 Bb4 5. Bd2 d6 6. a3 
Bxc3 7. Bxc3 N@e4 8. e3 Bd7 9. B@d3 Qe7 10. Bxe4 Nxe4 11. Bd3 f5 
12. Nd2 Nxc3 13. bxc3 B@b2 14. N@e2 Bxa1 15. Qxa1 B@h5 16. f3 O-O 17. Rg1 
e5 18. d5 Nd8 19. e4 c6 20. dxc6 bxc6 21. exf5 Rb8 22. P@b3 P@e3 
23. Ne4 Bxf5 24. B@g5 Bxe4 25. Bxe7 P@f2+ 26. Kd1 fxg1=Q+ 27. Nxg1 Bxd3 28. Bxd8 
R@f1+ 29. N@e1 N@f2+ 30. Kc1 Rxe1+ 31. Kb2 Rxa1 32. N@e7+ Kh8 33. Kxa1 R@c1+ 
34. R@b1 Rxb1+ 35. Kxb1 N@d2+ 36. Ka2 Q@b1# 
{ACC checkmated} 0-1

[Event "fics rated crazyhouse match"]
[Site "fics, Oklahoma City, OK USA"]
[Date "2000.01.02"]
[White "jtp"]
[WhiteElo "2288"]
[Black "ACC"]
[BlackElo "2174"]
[TimeControl "120+0"]
[Result "0-1"]

1. e4 e6 2. d4 d6 3. Nc3 Be7 4. Bd3 Nf6 5. e5 Nfd7 6. exd6 
cxd6 7. P@h6 gxh6 8. Bxh6 P@f5 9. d5 P@g6 10. Qe2 Ne5 11. Nf3 Rg8 
12. P@d4 Nxf3+ 13. gxf3 N@g2+ 14. Kd1 Bf8 15. dxe6 Bxe6 16. d5 Bxh6 17. dxe6 
B@e5 18. exf7+ Kxf7 19. Bc4+ Kg7 20. P@f7 P@e6 21. Bxe6 Rf8 22. N@e8+ Kh8 
23. B@d2 Nf4 24. Bxf4 Bexf4 25. P@e3 Be5 26. f4 Bxc3 27. bxc3 N@b2+ 28. Ke1 
B@h5 29. B@g5 Bxe2 30. Bxd8 P@d2+ 31. Kxd2 Nc4+ 32. Bxc4 Bxc4 33. Q@d4+ B@g7 
34. Qxc4 Nc6 35. Nxg7 Bxg7 36. P@g5 Raxd8 37. P@f6 N@f3+ 38. Ke2 Q@d2+ 39. Kxf3 
B@e4+ 40. Kg3 Rxf7 41. fxg7+ Rxg7 42. B@f6 P@h4+ 43. Kxh4 Qxf2+ 44. B@g3 Qxg3+ 
45. hxg3 B@f8 
{jtp forfeits on time} 0-1

[Event "fics rated crazyhouse match"]
[Site "fics, Oklahoma City, OK USA"]
[Date "2000.01.02"]
[White "ACC"]
[WhiteElo "2185"]
[Black "jtp"]
[BlackElo "2277"]
[TimeControl "120+0"]
[Result "1-0"]

1. Nf3 Nf6 2. d4 e6 3. Bg5 Nc6 4. a3 Be7 5. Bxf6 Bxf6 6. e4 
e5 7. d5 Nd4 8. N@h5 Nxf3+ 9. gxf3 B@h6 10. Rg1 N@d4 11. Bg2 d6 
12. Nc3 Bd7 13. N@e2 a6 14. Nxd4 exd4 15. Ne2 d3 16. cxd3 Bxb2 17. Rb1 
Bxa3 18. P@c6 P@d2+ 19. Kf1 bxc6 20. dxc6 Bxc6 21. P@d5 Bd7 22. Neg3 P@h3 
23. Bxh3 Bxh3+ 24. P@g2 Bxg2+ 25. Kxg2 P@g6 26. B@a4+ Kf8 27. N@d7+ Qxd7 28. Bxd7 
gxh5 29. Q@b8+ N@d8 30. Qxa8 N@h4+ 31. Kf1 B@g5 32. R@e8# 
{jtp checkmated} 1-0

[Event "fics rated crazyhouse match"]
[Site "fics, Oklahoma City, OK USA"]
[Date "2000.01.02"]
[White "Igy"]
[WhiteElo "2142"]
[Black "Flesh"]
[BlackElo "2279"]
[TimeControl "60+0"]
[Result "1-0"]

1. e4 d5 2. exd5 e6 3. Nc3 exd5 4. Bb5+ Bd7 5. Qe2+ Qe7 6. Nxd5 
Bxb5 7. Nxc7+ Kd7 8. Nxb5 Qxe2+ 9. Nxe2 B@d6 10. P@f5 Kd8 11. P@e6 Nf6 
12. exf7 Nc6 13. B@e6 Ne4 14. P@d7 Ke7 15. Q@e8+ Kf6 16. Nxd6 Bxd6 17. d3 
Nxf2 18. B@g5+ Ke5 19. Bb3+ P@e7 20. d4+ Nxd4 21. Bcf4+ Ke4 22. P@f3+ Nxf3+ 
23. gxf3+ Kxf3 24. N@h4+ Kg4 25. h3+ Nxh3 26. Rg1+ Nxg1 27. O-O-O Nxe2+ 28. Kb1 
R@c1+ 29. Bxc1 N@d2+ 30. Bcxd2 Nc3+ 31. Bxc3 Q@a1+ 32. Kxa1 Kh5 33. Bc1 Bg3 
34. Q@g5# 
{Flesh checkmated} 1-0

[Event "fics rated crazyhouse match"]
[Site "fics, Oklahoma City, OK USA"]
[Date "2000.01.02"]
[White "Flesh"]
[WhiteElo "2268"]
[Black "Igy"]
[BlackElo "2153"]
[TimeControl "60+0"]
[Result "0-1"]

1. d3 Nf6 2. e4 Nc6 3. Nf3 d5 4. e5 Ng4 5. Bf4 e6 6. h3 
Nxf2 7. Kxf2 d4 8. Be2 P@e3+ 9. Kg1 Bc5 10. Bg5 f6 11. exf6 gxf6 
12. Bxf6 Qxf6 13. P@g5 Qg6 14. N@f6+ Ke7 15. Ne4 P@g7 16. Nxc5 B@d5 17. P@f6+ 
gxf6 18. gxf6+ Kf7 19. Ne5+ Nxe5 20. B@g7 Qxg2# 
{Flesh checkmated} 0-1

[Event "fics rated crazyhouse match"]
[Site "fics, Oklahoma City, OK USA"]
[Date "2000.01.02"]
[White "LSS"]
[WhiteElo "2375"]
[Black "RMG"]
[BlackElo "2138"]
[TimeControl "180+0"]
[Result "0-1"]

1. e4 e6 2. d4 Ne7 3. Nc3 Ng6 4. Nf3 b6 5. Bd3 Bb7 6. Be3 
Be7 7. Qd2 O-O 8. Rd1 d6 9. d5 Nd7 10. dxe6 fxe6 11. P@h6 gxh6 
12. Bxh6 Rf7 13. Qe2 P@g7 14. Bxg7 Rxg7 15. P@f5 Nf4 16. fxe6 Nxe2 17. P@f7+ 
Kh8 18. Bxe2 Nc5 19. P@d5 B@h6 20. N@f5 Rg6 21. Nxh6 Rxh6 22. B@d4+ P@e5 
23. Bxc5 N@f4 24. Rg1 bxc5 25. N@f5 Rg6 26. Nxe7 Qxe7 27. B@h4 Qf8 28. Nxe5 
Nxg2+ 29. Rxg2 Rxg2 30. P@e7 Rg1+ 31. Kd2 B@f4+ 32. N@e3 Rxd1+ 33. Nxd1 N@b1+ 
34. Ke1 P@d2+ 35. Kf1 Q@h1+ 36. R@g1 R@e1# 
{LSS checkmated} 0-1

[Event "fics rated crazyhouse match"]
[Site "fics, Oklahoma City, OK USA"]
[Date "2000.01.02"]
[White "RMG"]
[WhiteElo "2231"]
[Black "LSS"]
[BlackElo "2363"]
[TimeControl "180+0"]
[Result "1-0"]

1. d4 e6 2. Nf3 Nf6 3. Bf4 Nc6 4. e3 d6 5. Be2 Be7 6. O-O 
Nd5 7. Bg3 f5 8. c4 Nf6 9. Nc3 O-O 10. d5 exd5 11. cxd5 Nb8 
12. P@e6 Ne4 13. Nxe4 fxe4 14. Nd2 P@f5 15. f3 exf3 16. Bxf3 c6 17. P@f7+ 
Kh8 18. dxc6 Nxc6 19. Bxc6 bxc6 20. P@d7 Ba6 21. N@f4 B@g5 22. N@g6+ hxg6 
23. Nxg6+ Kh7 24. Qh5+ P@h6 25. Nxf8+ Qxf8 26. P@g6+ Kh8 27. R@h7# 
{LSS checkmated} 1-0

[Event "fics rated crazyhouse match"]
[Site "fics, Oklahoma City, OK USA"]
[Date "2000.01.02"]
[White "LSS"]
[WhiteElo "2352"]
[Black "Mori"]
[BlackElo "2079"]
[TimeControl "180+0"]
[Result "1-0"]

1. e4 e6 2. d4 Nc6 3. Nf3 Nf6 4. Bd3 Be7 5. e5 Nd5 6. O-O 
d6 7. c3 dxe5 8. Nxe5 Nxe5 9. dxe5 N@f4 10. Bb5+ c6 11. P@d6 Bxd6 
12. exd6 Qxd6 13. N@e4 Qd7 14. Bxf4 Nxf4 15. N@f6+ gxf6 16. Nxf6+ Kd8 17. Nxd7 
Bxd7 18. B@g5+ P@e7 19. Bxf4 Rg8 20. P@c7+ Ke8 21. Qxd7+ Kxd7 22. N@c5+ Ke8 
23. Q@d8# 
{Mori resigns} 1-0

[Event "fics rated crazyhouse match"]
[Site "fics, Oklahoma City, OK USA"]
[Date "2000.01.02"]
[White "Mori"]
[WhiteElo "2075"]
[Black "LSS"]
[BlackElo "2355"]
[TimeControl "180+0"]
[Result "0-1"]

1. e4 e6 2. Nc3 d5 3. exd5 exd5 4. Bb5+ c6 5. Qe2+ Be7 6. Bd3 
P@e4 7. Bxe4 dxe4 8. Nxe4 Be6 9. P@e5 B@d5 10. P@d6 Bxe4 11. dxe7 Nxe7 
12. Qxe4 Bf5 13. Qa4 P@b5 14. Qb3 N@d4 15. B@d6 Nxb3 16. cxb3 Na6 17. N@h5 
Rg8 18. P@f6 Nd5 19. B@e2 g6 20. Ng7+ Kd7 21. Nxf5 gxf5 22. B@f3 N@e4 
23. Bxe4 fxe4 24. Nh3 Rxg2 25. N@f4 Nxf4 26. Nxf4 N@c2+ 27. Kd1 Nxa1 
{Mori forfeits on time} 0-1

[Event "fics rated crazyhouse match"]
[Site "fics, Oklahoma City, OK USA"]
[Date "2000.01.02"]
[White "LSS"]
[WhiteElo "2358"]
[Black "Mori"]
[BlackElo "2071"]
[TimeControl "180+0"]
[Result "1-0"]

1. e4 e6 2. d4 Nc6 3. Nf3 Nf6 4. Nc3 Bb4 5. Bd3 d5 6. e5 
Ne4 7. Bd2 Nxd2 8. Qxd2 B@e4 9. Bxe4 dxe4 10. Ng5 Qxd4 11. Qxd4 Nxd4 
12. O-O Bxc3 13. bxc3 Ne2+ 14. Kh1 Bd7 15. B@f6 gxf6 16. exf6 O-O-O 17. Q@a8# 
{Mori resigns} 1-0

[Event "fics rated crazyhouse match"]
[Site "fics, Oklahoma City, OK USA"]
[Date "2000.01.02"]
[White "Mori"]
[WhiteElo "2067"]
[Black "LSS"]
[BlackElo "2361"]
[TimeControl "180+0"]
[Result "0-1"]

1. e4 e6 2. Nc3 d5 3. exd5 exd5 4. Bb5+ P@c6 5. Qe2+ Qe7 6. Nxd5 
cxb5 7. Nxc7+ Kd8 8. Nxa8 B@a5 9. P@b4 Qxe2+ 10. Nxe2 Bfxb4 11. P@c7+ Bxc7 
12. R@e8+ Kxe8 13. Nxc7+ Kd7 14. Q@e8+ Kxc7 15. B@d8+ Kd6 16. P@e5+ Kd5 17. Qxb5+ 
P@c5 18. Qd3+ P@d4 19. Nf4+ Kxe5 20. Bc7+ Kf6 21. P@e5+ Ke7 
{Mori forfeits on time} 0-1

[Event "fics rated crazyhouse match"]
[Site "fics, Oklahoma City, OK USA"]
[Date "2000.01.02"]
[White "LSS"]
[WhiteElo "2364"]
[Black "Mori"]
[BlackElo "2064"]
[TimeControl "180+0"]
[Result "1-0"]

1. e4 e6 2. d4 Nc6 3. Nf3 Nf6 4. Bd3 Be7 5. c3 d5 6. e5 
Ne4 7. O-O f6 8. Nbd2 Nxd2 9. Bxd2 fxe5 10. Nxe5 Nxe5 11. dxe5 P@e4 
12. Bb5+ Bd7 13. Bxd7+ Qxd7 14. N@h5 Rg8 15. B@a4 B@c6 16. Bxc6 bxc6 17. B@g5 
B@f8 18. Bdf4 N@h3+ 19. gxh3 N@f3+ 20. Kh1 Nxg5 21. P@g2 Nxh3 22. N@d4 Nxf4 
23. Nxf4 B@h6 24. Nfxe6 P@f3 25. gxf3 exf3 26. Nxf3 Qxe6 27. P@g2 B@h5 28. N@d4 
Qg4 29. P@f7+ Bxf7 30. P@d7+ Qxd7 31. e6 Bxe6 32. Nxe6 
{Mori forfeits on time} 1-0

[Event "fics rated crazyhouse match"]
[Site "fics, Oklahoma City, OK USA"]
[Date "2000.01.02"]
[White "PureBugger"]
[WhiteElo "2366"]
[Black "LINDEGREN"]
[BlackElo "2241"]
[TimeControl "120+0"]
[Result "1-0"]

1. e4 Nf6 2. e5 Nd5 3. Nc3 e6 4. d4 d6 5. exd6 Bxd6 6. Bd3 
Nc6 7. Nf3 Qe7 8. Bd2 P@g4 9. Ng5 Nxd4 10. Qxg4 e5 11. P@e6 Nxc3 
12. P@d7+ Bxd7 13. exd7+ Qxd7 14. Qxd7+ Kxd7 15. bxc3 Q@e7 16. B@h3+ P@e6 17. cxd4 
exd4 18. O-O h5 19. Nxf7 Qxf7 20. N@g5 Qe7 21. Nxe6 P@g4 22. Bf5 N@e2+ 
23. Kh1 gxh3 24. Nc5+ Ke8 25. P@d7+ Kf8 26. N@g6+ Kf7 27. Q@e6+ Qxe6 28. Nxh8+ 
Kg8 29. Bxe6+ Kxh8 30. R@h7+ Kxh7 31. P@g6+ Kxg6 32. Q@f5# 
{LINDEGREN checkmated} 1-0

[Event "fics rated crazyhouse match"]
[Site "fics, Oklahoma City, OK USA"]
[Date "2001.01.02"]
[White "JiggaB"]
[WhiteElo "2229"]
[Black "venomous"]
[BlackElo "2391"]
[TimeControl "60+0"]
[Result "1-0"]

1. e4 Nf6 2. Nc3 d5 3. exd5 Nxd5 4. Bc4 Nxc3 5. dxc3 Qxd1+ 6. Kxd1 
Q@g4+ 7. Q@e2 Qxg2 8. Bxf7+ Kd8 9. Qf3 Qf1+ 10. N@e1 P@g2 11. Qxg2 Qxg2 
12. Nxg2 P@h3 13. Ne1 Q@d6+ 14. Q@d5 Bd7 15. Qxd6 exd6 16. P@e6 Q@d5+ 17. Q@d4 
Qxh1 18. Bg5+ N@e7 19. Bxe7+ Bxe7 20. Qxg7 Qd5+ 21. P@d4 R@f8 22. exd7 Qxf7 
23. Qxf7 Rxf7 24. B@e6 Nxd7 25. P@f3 B@h5 26. P@g4 Bg6 27. Bxd7 Kxd7 28. N@e4 
Q@d5 29. Q@d3 Bxe4 30. fxe4 Qe6 31. B@f5 Rxf5 32. gxf5 Qf6 33. e5 Qg5 
34. f4 B@g4+ 35. N@f3 Qxf4 36. e6# 
{venomous forfeits on time} 1-0

[Event "fics rated crazyhouse match"]
[Site "fics, Oklahoma City, OK USA"]
[Date "2001.01.02"]
[White "venomous"]
[WhiteElo "2380"]
[Black "JiggaB"]
[BlackElo "2240"]
[TimeControl "60+0"]
[Result "1-0"]

1. e4 e6 2. d4 d6 3. Be3 Nf6 4. Bd3 Nc6 5. Nc3 Be7 6. Nf3 
Bd7 7. O-O O-O 8. Qe2 e5 9. d5 Nb4 10. Rae1 Nxd3 11. cxd3 B@a6 
12. N@f5 Bxf5 13. exf5 N@f4 14. Bxf4 exf4 15. B@g5 B@g4 16. Bxf4 Bxf3 17. Qxf3 
N@d4 18. Qh3 Qc8 19. P@e6 fxe6 20. fxe6 P@g4 21. Qg3 Nf5 22. P@f7+ Kh8 
23. B@g5 Nxg3 24. hxg3 Bxd3 25. Bxf6 Bxf6 26. N@h5 Bxf1 27. Rxf1 R@g6 28. Nxf6 
gxf6 29. B@h5 P@g7 30. Bxg6 hxg6 31. N@h4 B@h7 32. N@e7 Qd8 33. Nexg6+ Bxg6 
34. Nxg6+ Kh7 35. B@f5 N@d4 36. Nxf8+ Kh8 37. R@h7# 
{JiggaB checkmated} 1-0

[Event "fics rated crazyhouse match"]
[Site "fics, Oklahoma City, OK USA"]
[Date "2001.01.02"]
[White "JiggaB"]
[WhiteElo "2235"]
[Black "venomous"]
[BlackElo "2385"]
[TimeControl "60+0"]
[Result "0-1"]

1. e4 Nf6 2. Nc3 d5 3. e5 Ne4 4. Nxe4 dxe4 5. d3 Nc6 6. Bf4 
exd3 7. Qxd3 Qxd3 8. Bxd3 N@g6 9. Bxg6 hxg6 10. N@g5 B@e6 11. Rd1 Q@b4+ 
12. Q@d2 Qxd2+ 13. Rxd2 Bcd7 14. P@d5 Bxd5 15. Rxd5 Q@b4+ 16. Q@d2 Qxd2+ 17. Rxd2 
Q@f5 18. e6 Bxe6 19. Nxe6 Qxe6+ 20. B@e3 P@d6 21. B@d5 Qg4 22. Bxf7+ Kxf7 
23. N@g5+ Qxg5 24. Bxg5 B@e6 25. Q@f3+ N@f5 26. P@d5 Bxd5 27. Qxd5+ P@e6 28. Qxe6+ 
Kxe6 29. B@d5+ Kd7 30. P@e6+ Kc8 31. Q@e8+ N@d8 32. Bxc6 bxc6 33. Bxe7 Bxe7 
34. Qxh8 Nxe3 35. fxe3 Q@c1+ 36. R@d1 P@f2+ 37. Kxf2 Qxb2 38. P@b7+ Qxb7 39. Qxd8+ 
Bxd8 40. N@a5 Q@f5+ 41. P@f4 B@h4+ 42. N@g3 Qxf4+ 43. exf4 B@b6# 
{JiggaB forfeits on time} 0-1

[Event "fics rated crazyhouse match"]
[Site "fics, Oklahoma City, OK USA"]
[Date "2001.01.02"]
[White "venomous"]
[WhiteElo "2390"]
[Black "JiggaB"]
[BlackElo "2230"]
[TimeControl "60+0"]
[Result "0-1"]

1. e4 Nf6 2. Nc3 d5 3. exd5 Nxd5 4. Bc4 e6 5. Nf3 Bb4 6. O-O 
Nc6 7. Bxd5 exd5 8. Re1+ P@e4 9. Nxe4 dxe4 10. Rxe4+ B@e7 11. N@h5 Rg8 
12. P@f6 gxf6 13. Nxf6+ Kf8 14. Nxh7+ Kg7 15. d4 Kxh7 16. Rxe7 Qxe7 17. B@d3+ 
P@e4 18. Qe2 exd3 19. Qxe7 N@h3+ 20. Kf1 B@e2+ 21. Qxe2 dxe2+ 22. Kxe2 R@e4+ 
23. B@e3 N@g1+ 24. Nxg1 Nxg1+ 25. Kf1 Q@e2+ 26. Kxg1 Qe1+ 27. N@f1 N@e2# 
{venomous resigns} 0-1

[Event "fics rated crazyhouse match"]
[Site "fics, Oklahoma City, OK USA"]
[Date "2001.01.02"]
[White "JiggaB"]
[WhiteElo "2241"]
[Black "venomous"]
[BlackElo "2379"]
[TimeControl "60+0"]
[Result "1-0"]

1. d4 Nf6 2. Nf3 e6 3. Nc3 Nc6 4. Bg5 Be7 5. e3 d5 6. Bb5 
Bd7 7. Bxc6 bxc6 8. Ne5 O-O 9. h4 B@b4 10. h5 Bxc3+ 11. bxc3 h6 
12. Bxf6 Bxf6 13. B@g6 fxg6 14. hxg6 Bxe5 15. dxe5 B@b2 16. P@f7+ Kh8 17. B@d4 
Bxa1 18. Qxa1 N@f5 19. B@d3 B@e4 20. Bxe4 dxe4 21. B@g4 B@a6 22. N@f4 N@a3 
23. Qb2 Nc4 24. Qc1 Rb8 25. Bxf5 exf5 26. Rxh6+ gxh6 27. P@g7+ Kxg7 28. e6+ 
B@f6 29. N@h5+ Kh8 30. Bxf6+ Qxf6 31. Nxf6 R@h1+ 32. B@f1 Rxf1+ 33. Kxf1 Nxe3+ 
34. Kg1 P@h2+ 35. Kxh2 P@g3+ 36. fxg3 R@h5+ 37. N4xh5 Ng4+ 38. Nxg4 
{venomous resigns} 1-0

[Event "fics rated crazyhouse match"]
[Site "fics, Oklahoma City, OK USA"]
[Date "2001.01.02"]
[White "JiggaB"]
[WhiteElo "2252"]
[Black "pminear"]
[BlackElo "2547"]
[TimeControl "60+0"]
[Result "1-0"]

1. d4 e6 2. Nf3 Nf6 3. Nc3 Be7 4. Bg5 d5 5. Ne5 O-O 6. e3 
Nc6 7. Nxc6 bxc6 8. N@e5 Bd7 9. Bd3 N@e4 10. Bxf6 Nxf6 11. N@g5 B@h5 
12. Bxh7+ Nxh7 13. Nxh7 Bxd1 14. Rxd1 B@h5 15. Nxf8 Qxf8 16. Nxd7 Qd8 17. Ne5 
Bb4 18. B@f3 Bxf3 19. Nxf3 B@h5 20. P@h7+ Kxh7 21. N@g5+ Kh8 22. B@g4 Bxg4 
23. Nxf7+ Kg8 24. P@g6 B@h8 25. B@h7+ Kf8 26. R@g8+ Ke7 27. Nxd8 Rxd8 28. Q@f7+ 
Kd6 29. Rxd8+ P@d7 30. Rxd7# 
{pminear checkmated} 1-0

[Event "fics rated crazyhouse match"]
[Site "fics, Oklahoma City, OK USA"]
[Date "2001.01.02"]
[White "pminear"]
[WhiteElo "2533"]
[Black "JiggaB"]
[BlackElo "2266"]
[TimeControl "60+0"]
[Result "1-0"]

1. e4 e6 2. Nc3 Nc6 3. d4 Nf6 4. e5 Nd5 5. Nxd5 exd5 6. Nf3 
d6 7. Bb5 Bd7 8. Qe2 dxe5 9. Bxc6 bxc6 10. Nxe5 B@e6 11. P@f5 Bb4+ 
12. c3 Bd6 13. fxe6 Bxe5 14. exf7+ Kf8 15. dxe5 N@h4 16. f3 P@e4 17. B@g5 
Nf5 18. Bxd8 Rxd8 19. P@h6 gxh6 20. Bxh6+ Nxh6 21. B@f6 
{JiggaB resigns} 1-0

[Event "fics rated crazyhouse match"]
[Site "fics, Oklahoma City, OK USA"]
[Date "2001.01.02"]
[White "JiggaB"]
[WhiteElo "2263"]
[Black "pminear"]
[BlackElo "2536"]
[TimeControl "60+0"]
[Result "0-1"]

1. d4 e6 2. Nf3 Nc6 3. Nc3 Nf6 4. Bg5 Be7 5. Ne5 d6 6. Nxf7 
Kxf7 7. P@h6 gxh6 8. Bxh6 N@f5 9. P@g5 Ng8 10. e4 Nfxd4 11. Bc4 Bxg5 
12. Bxg5 Qxg5 13. B@g3 P@f4 14. h4 Qf6 15. Bxe6+ Bxe6 16. P@g5 Qe5 17. Qh5+ 
B@g6 18. Qd1 fxg3 19. f3 B@f2+ 20. Kf1 B@c4+ 21. Qd3 Bxd3+ 22. cxd3 P@e2+ 
23. Nxe2 Nxe2 24. B@d2 Ned4 25. P@e2 N@e3+ 26. Bxe3 Bxe3 27. N@d1 P@d2 28. Nxe3 
Q@f2# 
{JiggaB checkmated} 0-1

[Event "fics rated crazyhouse match"]
[Site "fics, Oklahoma City, OK USA"]
[Date "2001.01.02"]
[White "pminear"]
[WhiteElo "2539"]
[Black "JiggaB"]
[BlackElo "2260"]
[TimeControl "60+0"]
[Result "1-0"]

1. e4 Nc6 2. Nc3 e6 3. d4 d6 4. Nf3 Be7 5. d5 exd5 6. exd5 
Ne5 7. Nxe5 dxe5 8. Bb5+ c6 9. dxc6 Qxd1+ 10. Nxd1 bxc6 11. Bxc6+ P@d7 
12. Bxa8 Nf6 13. Bf3 N@h4 14. R@g3 Nxf3+ 15. Rxf3 B@g4 16. N@c7+ Kf8 17. P@d6 
Q@b4+ 18. Q@d2 Qxd6 19. P@h6 Qxd2+ 20. Bxd2 gxh6 21. Bxh6+ P@g7 22. Bxg7+ Kg8 
23. Bxf6 Bxf6 24. N@h6+ Kg7 25. Nxg4 Q@e4+ 26. Nde3 B@a5+ 27. P@d2 P@g6 28. B@h6+ 
Kg8 29. Nxf6# 
{JiggaB checkmated} 1-0

[Event "fics rated crazyhouse match"]
[Site "fics, Oklahoma City, OK USA"]
[Date "2001.01.02"]
[White "JiggaB"]
[WhiteElo "2257"]
[Black "pminear"]
[BlackElo "2542"]
[TimeControl "60+0"]
[Result "1-0"]

1. e4 e6 2. Nc3 Nc6 3. d4 Nf6 4. Be3 d5 5. e5 Ne4 6. Nf3 
Bb4 7. Bd2 Bxc3 8. bxc3 Nxf2 9. Kxf2 N@e4+ 10. Ke1 P@g4 11. Bd3 gxf3 
12. Qxf3 N@g5 13. Bxe4 Nxf3+ 14. Bxf3 f6 15. exf6 Qxf6 16. B@g5 Qf7 17. Rf1 
O-O 18. P@h6 P@e4 19. hxg7 Qxg7 20. N@h6+ Kh8 21. P@f6 Rxf6 22. Bxf6 
{pminear resigns} 1-0

[Event "fics rated crazyhouse match"]
[Site "fics, Oklahoma City, OK USA"]
[Date "2001.01.02"]
[White "pminear"]
[WhiteElo "2529"]
[Black "JiggaB"]
[BlackElo "2270"]
[TimeControl "60+0"]
[Result "1-0"]

1. e4 e6 2. Nc3 Nc6 3. d4 d6 4. Nf3 Bd7 5. d5 exd5 6. exd5 
Ne5 7. Nxe5 dxe5 8. Bc4 Nf6 9. P@e6 fxe6 10. dxe6 Bc6 11. P@f7+ Ke7 
12. N@f5# 
{JiggaB checkmated} 1-0

[Event "fics rated crazyhouse match"]
[Site "fics, Oklahoma City, OK USA"]
[Date "2001.01.02"]
[White "JiggaB"]
[WhiteElo "2267"]
[Black "pminear"]
[BlackElo "2532"]
[TimeControl "60+0"]
[Result "1-0"]

1. e4 e5 2. Nc3 Nc6 3. Nf3 Bc5 4. Bc4 Nf6 5. O-O O-O 6. d3 
d6 7. Bg5 Bg4 8. Nd5 Bxf3 9. Nxf6+ gxf6 10. Qxf3 fxg5 11. N@h6+ Kh8 
12. Nxf7+ Rxf7 13. Qxf7 B@g7 14. P@h6 Bxh6 15. B@f6+ Qxf6 16. Qxf6+ P@g7 17. Qf7 
N@e7 18. Qxe7 B@h5 19. N@f7+ Bxf7 20. Qxf7 N@f6 21. B@g3 N@e2+ 22. Kh1 Nxg3+ 
23. hxg3 B@g6 24. R@e8+ Rxe8 25. Qxe8+ Bxe8 26. R@f8+ N@g8 27. Rxe8 Q@h5+ 28. B@h3 
Qxe8 29. N@f7+ Qxf7 30. Bxf7 N@g4 31. Q@g1 Bxf2 32. Rxf2 Nxf2+ 33. Qxf2 R@h4 
34. Bxg8 Rxh3+ 35. gxh3 B@g6 36. Be6 P@f7 37. R@a8+ R@g8 38. Q@c8 Rxc8 39. Rxc8+ 
R@g8 40. Rxg8# 
{pminear forfeits on time} 1-0